 Dungeon Crawl Stone Soup version 0.22-a0-192-g6ffc940c34 (webtiles) character file.

3574 Manul the Sneak (level 9, -7/68 HPs)
             Began as a Demonspawn Assassin on Feb 14, 2018.
             Mangled by an orc warrior
             ... wielding a +0 hand axe
              (8 damage)
             ... on level 8 of the Dungeon on Feb 16, 2018.
             The game lasted 00:11:56 (8926 turns).

Manul the Sneak (Demonspawn Assassin)               Turns: 8926, Time: 00:11:57

Health: -7/68      AC:  4    Str: 12    XL:     9   Next: 84%
Magic:  0/10       EV: 14    Int: 12    God:
Gold:   410        SH:  0    Dex: 18    Spells: 8/8 levels left

rFire    . . .     SeeInvis .   O - +2 great sword
rCold    . . .     Gourm    .   (shield currently unavailable)
rNeg     . . .     Faith    .   A - +0 leather armour {rPois}
rPois    +         Spirit   +   (helmet restricted)
rElec    .         Reflect  .   d - +0 cloak
rCorr    .         Harm     +   (no gloves)
MR       .....                  (no boots)
Stlth    ++++++....             H - amulet of harm
HPRegen  0.21/turn              y - ring of stealth
MPRegen  0.12/turn              s - ring of stealth

@: no status effects
A: antennae 1, claws 1, hooves 1, powered by pain 2, magic shield
a: no special abilities


You were on level 8 of the Dungeon.
You were very hungry.

You visited 2 branches of the dungeon, and saw 9 of its levels.

You collected 410 gold pieces.

Inventory:

Hand Weapons
 a - a +2 dagger
 b - a +0 blowgun
 E - a +0 whip of flaming
 O - a +2 great sword (weapon)
Missiles
 e - 39 poisoned needles
 f - 2 curare-tipped needles
 l - 3 needles of confusion
 G - 2 throwing nets (quivered)
Armour
 c - a +0 robe
 d - a +0 cloak (worn)
 i - a +0 helmet
 m - a +0 leather armour
 r - a +0 ring mail
 A - a +0 leather armour of poison resistance (worn)
Jewellery
 p - an uncursed ring of protection from magic
 s - a ring of stealth (right claw)
 y - a ring of stealth (left claw)
 H - an amulet of harm (around neck)
 J - an uncursed ring of fire {unknown}
 L - an uncursed ring of positive energy
Wands
 u - a wand of random effects (18)
 D - a wand of acid (3)
 I - a wand of digging (17)
Scrolls
 h - 2 scrolls of blinking {unknown}
 k - a scroll of fog {unknown}
 q - 3 scrolls of magic mapping
 t - 4 scrolls of teleportation {unknown}
 x - 2 scrolls of fear {unknown}
 z - a scroll of identify
 B - 4 scrolls of remove curse
 C - 2 scrolls of immolation {unknown}
 N - a scroll of enchant weapon
 P - a scroll of brand weapon {unknown}
Potions
 j - 2 potions of heal wounds
 n - 2 potions of might
 o - 3 potions of brilliance
 v - a potion of lignification
 w - a potion of flight {unknown}
 F - 2 potions of degeneration {unknown}
 M - 2 potions of resistance {unknown}
 R - a potion of curing {unknown}
Books
 K - a book of Changes

   Spells                             Type                      Level
   a - Beastly Appendage              Transmutation                1
   b - Sticks to Snakes               Transmutation                2
   c - Spider Form                    Transmutation/Poison         3
   d - Ice Form                       Ice/Transmutation            4
   e - Blade Hands                    Transmutation                5
Comestibles
 g - 12 rations


   Skills:
 + Level 5.4 Fighting
 + Level 5.8(6.7) Short Blades
 + Level 4.9(6.2) Long Blades
 + Level 3.0 Throwing
 + Level 4.1 Armour
 + Level 4.5 Dodging
 + Level 7.7 Stealth
 + Level 1.3 Evocations


You had 8 spell levels left.
You didn't know any spells.

Dungeon Overview and Level Annotations

Branches:
Dungeon (8/15)             Temple (1/1) D:5
   Lair: D:8-11

Altars:
Ashenzari
Cheibriados
Dithmenos
Elyvilon
Fedhas
Hepliaklqana
Kikubaaqudgha
Makhleb
Nemelex Xobeh
Okawaru
Qazlal
Ru
Sif Muna
Trog
Uskayaw
Vehumet
Wu Jian
Yredelemnul
The Shining One

Shops:
D:6 [*%


Innate Abilities, Weirdness & Mutations

You have a pair of small antennae on your head.
You have sharp fingernails.
You have large cloven feet.
You sometimes gain power by taking damage.
When hurt, damage is shared between your health and your magic reserves.


Message History

You hit the orc warrior but do no damage.
You kick the orc warrior.
The orc warrior is almost dead.
The orc closely misses you.
The orc warrior hits you but does no damage.
The orc wizard casts a cantrip, but nothing happens.
You closely miss the orc warrior.
The orc warrior is almost dead.
The orc hits you with a dagger.
* * * LOW HITPOINT WARNING * * *
The orc warrior closely misses you.
You slash the orc warrior!
You kill the orc warrior!
You slash the orc!
You kill the orc!
The orc warrior hits you with a hand axe!!
* * * LOW HITPOINT WARNING * * *
You focus on the pain.
You feel your power returning.
The orc warrior hits you with a hand axe!
You die...

#.. #.# #..##.# #
#...#.# .# #.#.#.#
#'## #....<# #...#
###.### #.....
#.#.## #......
#....####.......
#....)..@)......
........####oo.....
#.###.#.## #......
#.#.# #..... #.#.#
#...# #=..$ #'##
#...# .# ... #


You could see an orc warrior and an orc wizard.

Vanquished Creatures
  A two-headed ogre (D:8)
  Pikel (D:4)
  Prince Ribbit (D:6)
  Grinder (D:4)
  Sigmund (D:6)
  A spriggan (D:7)
  A sky beast (D:6)
  An orc warrior (D:8)
  A necrophage (D:8)
  A phantom (D:5)
  2 ogres (D:5)
  2 centaurs (D:6)
  3 bullfrogs
  4 wights (D:6)
  2 crimson imps (D:5)
  2 jellies (D:5)
  3 hounds
  An orc priest (D:3)
  An iguana (D:6)
  2 orc wizards (D:5)
  3 worker ants
  A killer bee zombie (D:7)
  4 gnolls
  2 howler monkey skeletons
  10 adders
  A shadow imp (D:5)
  3 oozes
  2 adder zombies
  2 adder skeletons
  A worm (D:3)
  3 dart slugs
  6 leopard geckos
  31 orcs
  7 giant cockroaches
  5 goblins
  9 hobgoblins
  2 jackals (D:5)
  3 quokkas
  2 ball pythons
  9 bats
  6 frilled lizards
  10 kobolds
  A leopard gecko skeleton (D:5)
  10 rats
165 creatures vanquished.

Vanquished Creatures (others)
  A slave (D:4)
  An orc priest (D:4)
  3 gnolls (D:4)
  An orc (D:4)
  A frilled lizard (D:4)
7 creatures vanquished.

Grand Total: 172 creatures vanquished

Notes
Turn   | Place    | Note
-------+----------+-------------------------------------------
     0 | D:1      | Manul the Demonspawn Assassin began the quest for the Orb.
     0 | D:1      | Reached XP level 1. HP: 16/16 MP: 1/1
   237 | D:1      | Gained mutation: You have sharp fingernails. [demonic ancestry]
   237 | D:1      | Reached XP level 2. HP: 22/22 MP: 2/2
   307 | D:1      | Reached skill level 4 in Stealth
   828 | D:1      | You fall through a shaft!
  1117 | D:2      | Reached skill level 1 in Dodging
  1120 | D:2      | Gained mutation: When hurt, damage is shared between your health and your magic reserves. [demonic ancestry]
  1120 | D:2      | Reached XP level 3. HP: 27/27 MP: 3/3
  1336 | D:2      | Found a hazy altar of Hepliaklqana.
  1911 | D:2      | Found a faded altar of an unknown god.
  2012 | D:2      | Gained mutation: You have a pair of small antennae on your head. [demonic ancestry]
  2012 | D:2      | Reached XP level 4. HP: 27/33 MP: 2/4
  2781 | D:3      | Reached skill level 1 in Armour
  2906 | D:3      | Reached XP level 5. HP: 32/39 MP: 3/5
  3755 | D:4      | Noticed Grinder
  3767 | D:4      | Paralysed by Grinder for 5 turns
  3779 | D:4      | Killed Grinder
  3779 | D:4      | Reached skill level 5 in Stealth
  3779 | D:4      | Reached XP level 6. HP: 19/46 MP: 2/6
  4269 | D:4      | Noticed Pikel
  4269 | D:4      | Noticed a slave
  4269 | D:4      | Noticed a slave
  4270 | D:4      | Noticed a slave
  4270 | D:4      | Noticed a slave
  4307 | D:4      | Killed Pikel
  4307 | D:4      | Reached skill level 6 in Stealth
  4307 | D:4      | Gained mutation: You sometimes gain a little power by taking damage. [demonic ancestry]
  4307 | D:4      | Reached XP level 7. HP: 36/52 MP: 5/7
  4597 | D:4      | You fall through a shaft for 2 floors!
  4597 | D:6      | Found Qanoenk's Antique Armour Shoppe.
  4601 | D:5      | Entered Level 5 of the Dungeon
  4634 | D:5      | Found a staircase to the Ecumenical Temple.
  4644 | Temple   | Entered the Ecumenical Temple
  4919 | D:5      | Found a glowing golden altar of the Shining One.
  5186 | D:5      | Found an ancient bone altar of Kikubaaqudgha.
  5204 | D:5      | Gained mutation: You have large cloven feet. [demonic ancestry]
  5204 | D:5      | Reached XP level 8. HP: 51/58 MP: 6/8
  5855 | D:5      | Found a shadowy altar of Dithmenos.
  5876 | D:5      | Found a radiant altar of Vehumet.
  6539 | D:6      | Found Raluh's General Store.
  6550 | D:6      | Found Fiwatesoex's Food Boutique.
  6600 | D:6      | Reached skill level 7 in Stealth
  6703 | D:6      | Noticed Prince Ribbit
  7219 | D:6      | Found Wiupp's Assorted Antiques.
  7243 | D:6      | Reached skill level 5 in Short Blades
  7260 | D:6      | Reached skill level 1 in Evocations
  7320 | D:6      | Killed Prince Ribbit
  7342 | D:6      | Gained mutation: You sometimes gain power by taking damage. [demonic ancestry]
  7342 | D:6      | Reached XP level 9. HP: 36/66 MP: 7/9
  7390 | D:6      | Reached skill level 1 in Long Blades
  7428 | D:6      | Noticed Sigmund
  7691 | D:6      | Killed Sigmund
  8041 | D:7      | Found an ornate altar of the Wu Jian Council.
  8681 | D:8      | Noticed a two-headed ogre
  8688 | D:8      | Upgraded the game from 0.22-a0-181-gb22368a056 to 0.22-a0-192-g6ffc940c34
  8695 | D:8      | Killed a two-headed ogre
  8695 | D:8      | Reached skill level 5 in Fighting
  8926 | D:8      | HP: 1/68 [orc warrior/hand axe (18)]
  8926 | D:8      | Mangled by an orc warrior

Vault maps used:
D:1:      lightli_arrival_quake, serial_forest, infiniplex_forest_fountain,
          infiniplex_forest_lined_4_way, infiniplex_forest_end_3,
          infiniplex_forest_lined_2, infiniplex_forest_lined_1,
          infiniplex_forest_straight_2, minmay_misc_feat_pillars
D:2:      lemuel_crystal_altar, chequers_ecumenical_altar_simple_redux
D:3:      guppyfry_early_orc_mine
D:4:      first_ration, uniq_grinder, uniq_pikel
D:5:      kennysheep_six_static_rooms, kennysheep_little_box, vehumet_crystals,
          grunt_dithmenos_shadows, minmay_temple_entry_large_hall,
          tso_metal_star
D:6:      gup_sewer_entry_pipe, serial_shops, kennysheep_mini_moat,
          nicolae_shop_statue_plus, nicolae_shop_temple_entry_statues_fountains,
          shop, uniq_sigmund, uniq_prince_ribbit1
D:7:      basic_altar, the_bakery
D:8:      grunt_temple_overflow_diamond, special_room, serial_bayou_pond_c
Temple:   nicolae_temple_great_sept

Skill      XL: |  1  2  3  4  5  6  7  8  9 |
---------------+----------------------------+-----
Short Blades   | 2 3 4 5 |  5.8
Stealth        | 4 5 6 7 |  7.7
Dodging        | 1 2 3 4 |  4.5
Armour         | 1 2 3 4 |  4.1
Fighting       | 3 4 5 |  5.4
Throwing       | 2 3 |  3.0
Evocations     | 1 |  1.3
Long Blades    | 4 |  4.9

Action                   |  1- 3 |  4- 6 |  7- 9 || total
-------------------------+-------+-------+-------++-------
Melee: Dagger            |   231 |   158 |   249 ||   638
       Whip              |       |       |     2 ||     2
       Kick              |       |       |    79 ||    79
       Great sword       |       |       |    75 ||    75
 Fire: Blowgun           |       |     7 |       ||     7
Throw: Throwing net      |       |       |     1 ||     1
Evoke: Wand              |       |     3 |     6 ||     9
  Use: Scroll            |       |     4 |     3 ||     7
       Potion            |       |     2 |     4 ||     6
 Stab: Sleeping          |    15 |    16 |    17 ||    48
       Distracted        |       |     1 |     1 ||     2
       Confused          |       |     1 |       ||     1
  Eat: Chunk             |     4 |     7 |    10 ||    21
       Ration            |       |       |     1 ||     1
Armor: Robe              |     8 |       |       ||     8
       Leather armour    |    44 |     5 |    64 ||   113
       Ring mail         |       |    25 |       ||    25
       Skin              |       |       |     8 ||     8
Dodge: Dodged            |   122 |    70 |   207 ||   399
       Rpst.: Great sword |       |       |    24 ||    24

Table legend:
 A = Spawn XP
 B = Non-spawn XP
 C = Spawn XP percentage of total XP
 D = Spawn monster count
 E = Non-spawn monster count
 F = Spawn count percentage of total count
 G = Total turns spent on level
                    A         B        C        D         E        F      G
               +---------+---------+-------+---------+---------+-------+---------
         Total |       0 |    5106 |   0.0 |       0 |     166 |   0.0 |  8926
               +---------+---------+-------+---------+---------+-------+---------
           D:1 |       0 |      35 |   0.0 |       0 |      19 |   0.0 |  1235
           D:2 |       0 |      62 |   0.0 |       0 |      23 |   0.0 |   898
           D:3 |       0 |     144 |   0.0 |       0 |      38 |   0.0 |  1546
           D:4 |       0 |     962 |   0.0 |       0 |      11 |   0.0 |  1330
           D:5 |       0 |     797 |   0.0 |       0 |      31 |   0.0 |  1930
           D:6 |       0 |    1505 |   0.0 |       0 |      28 |   0.0 |  1006
           D:7 |       0 |     356 |   0.0 |       0 |       7 |   0.0 |   646
           D:8 |       0 |    1245 |   0.0 |       0 |       9 |   0.0 |   251
               +---------+---------+-------+---------+---------+-------+---------
